 Dungeon Crawl Stone Soup version 0.28-a0-802-g09f76e8c00 (webtiles) character file.

Game seed: 16651224534075142396

254 porpoise the Magician (level 5, -3/42 HPs)
             Began as a Deep Elf Conjurer on Nov 7, 2021.
             Killed by miscasting Fulminant Prism (5 damage)
             ... in an ossuary.
             The game lasted 00:09:36 (3128 turns).

porpoise the Magician (Deep Elf Conjurer)           Turns: 3128, Time: 00:09:36

Health: -3/42      AC: 22    Str:  4    XL:     5   Next: 91%
Magic:  11/15      EV:  2    Int: 24    God:
Gold:   119        SH:  0    Dex: 13    Spells: 5/16 levels left

rFire   + . .      SeeInvis .   a - +4 dagger (drain)
rCold   . . .      Faith    .   (no shield)
rNeg    . . .      Spirit   .   (armour currently unavailable)
rPois   +          Reflect  .   (helmet currently unavailable)
rElec   .          Harm     .   (cloak currently unavailable)
rCorr   .          Rampage  .   (gloves currently unavailable)
Will    .....      NoTele   +   (boots currently unavailable)
Stlth   ++........              (no amulet)
HPRegen 0.14/turn               i - ring of protection from fire
MPRegen 0.14/turn               (no ring)

@: tree-form, very slightly contaminated
A: stationary, stasis, torment immunity, boosted hp
a: no special abilities


You were in an ossuary.
You were a tree.
You visited 1 branch of the dungeon, and saw 4 of its levels.
You also visited: Ossuary.

You collected 119 gold pieces.

Inventory:

Hand Weapons
 a - a +4 dagger of draining (weapon)
Missiles
 e - 85 stones
 g - 33 poisoned darts
 h - 45 sling bullets
 n - 3 boomerangs
Armour
 l - a +0 cloak (melded)
 m - a +1 robe of positive energy (melded)
Jewellery
 i - a ring of protection from fire (left branch)
 p - a ring of fire
Potions
 f - a potion of lignification


   Skills:
 - Level 2.4 Dodging
 - Level 2.4 Stealth
 + Level 6.2 Spellcasting
 - Level 5.3 Conjurations
 + Level 3.8 Hexes


You had 5 spell levels left.
You knew the following spells:

 Your Spells              Type           Power      Damage    Failure   Level
a - Magic Dart            Conj           100%       1d8       1%          1
b - Searing Ray           Conj           66%        2d6       1%          2
c - Fulminant Prism       Conj/Hex       14%        3d9       12%         4
d - Iskenderun's Mystic   Conj/Tloc      20%        2d6       26%         4

Your spell library contained the following spells:

 Spells                   Type           Power      Damage    Failure   Level
 Dazzling Flash           Conj/Hex       58%        N/A       3%          3


Dungeon Overview and Level Annotations

Branches:
Dungeon (4/15)            Ossuary (1/1)
 Temple: D:4-7

Altars:
Elyvilon


Message History

You barely miss the jackal zombie.
The jackal zombie bites you but does no damage.
The elf zombie hits you but does no damage.
The elf zombie hits you. The human zombie barely misses you.
The goblin zombie barely misses you.
Your fulminant prism explodes!
The blast of energy engulfs the elf zombie!
The elf zombie is moderately damaged.
The blast of energy engulfs the human zombie!
The human zombie is moderately damaged.
The blast of energy engulfs the goblin zombie!
You destroy the goblin zombie!
The blast of energy engulfs the jackal zombie!
You destroy the jackal zombie!
Casting: Fulminant Prism (extremely dangerous; 12% risk of failure)
Confirm with . or Enter, or press ? or * to list all spells.
You don't have enough magic to cast this spell.
Magic courses through your body.
The elf zombie hits you but does no damage.
The elf zombie hits you!
* * * LOW HITPOINT WARNING * * *
The human zombie hits you.
* * * LOW HITPOINT WARNING * * *
Really quaff the potion of lignification?
You turn into a tree.
Your +0 cloak melds into your body.
Your +1 robe of positive energy melds into your body.
You feel less protected from negative energy.
Your roots penetrate the ground.
The elf zombie hits you but does no damage. x2
Casting: Fulminant Prism (quite dangerous; 12% risk of failure)
Confirm with . or Enter, or press ? or * to list all spells.
The spell is quite dangerous to cast (12% risk of failure)!
Continue anyway? [Y]es or [N]o only, please.
The spell is quite dangerous to cast (12% risk of failure)!
Continue anyway?
Aiming: Fulminant Prism (quite dangerous; 12% risk of failure)
Press: ? - help, Dir - move target You miscast Fulminant Prism.
You are very lightly contaminated with residual magic.
You feel a strange surge of energy.
You die...

...............
................
................
................
....M..∩....M...
.......∩........
...M....Z.......
.......ZZZ......
.......Z♣M......
...............#
...............#
................
................
.....#####......
..... ...... ...
......


You could see 4 mummies, a goblin zombie, 3 elf zombies and a human zombie.

Vanquished Creatures
  A necrophage (D:3)
  Crazy Yiuf (D:2)
  A mummy (D:4)
  2 adders (D:2)
  An adder zombie (Ossuary)
  7 dart slugs
  3 orcs (D:3)
  6 ball pythons
  6 bats
  8 endoplasms
  A giant cockroach (D:1)
  A gnoll zombie (Ossuary)
  9 goblins
  6 hobgoblins
  5 jackals
  3 frilled lizards
  A goblin zombie (Ossuary)
  A hobgoblin zombie (Ossuary)
  A jackal zombie (Ossuary)
  8 kobolds
  2 orc zombies (Ossuary)
  6 rats
80 creatures vanquished.

Vanquished Creatures (others)
  3 fulminant prisms
3 creatures vanquished.

Grand Total: 83 creatures vanquished

Notes
Turn   | Place    | Note
-------+----------+-------------------------------------------
     0 | D:1      | porpoise the Deep Elf Conjurer began the quest for the Orb.
     0 | D:1      | Reached XP level 1. HP: 10/10 MP: 6/6
   172 | D:1      | Reached XP level 2. HP: 15/15 MP: 5/8
   176 | D:1      | Learned a level 2 spell: Searing Ray
   598 | D:1      | Reached skill level 4 in Spellcasting
   628 | D:1      | Reached skill level 5 in Conjurations
   681 | D:1      | Reached XP level 3. HP: 19/19 MP: 8/10
  1834 | D:2      | Reached XP level 4. HP: 24/24 MP: 9/12
  1860 | D:2      | Learned a level 4 spell: Fulminant Prism
  1865 | D:2      | Learned a level 4 spell: Iskenderun's Mystic Blast
  1915 | D:2      | Found a runed translucent door.
  1916 | D:2      | Noticed Crazy Yiuf
  1923 | D:2      | Killed Crazy Yiuf
  1924 | D:2      | Reached skill level 5 in Spellcasting
  1924 | D:2      | Reached skill level 1 in Hexes
  2592 | D:3      | Found a white marble altar of Elyvilon.
  2643 | D:3      | Reached XP level 5. HP: 28/28 MP: 8/14
  2686 | D:3      | Noticed a necrophage
  2693 | D:3      | Killed a necrophage
  2694 | D:3      | Reached skill level 6 in Spellcasting
  3070 | D:4      | Found a sand-covered staircase.
  3111 | Ossuary  | Entered an ossuary
  3126 | Ossuary  | HP: 1/28 [human zombie (1)]
  3128 | Ossuary  | Killed by miscasting Fulminant Prism

Illustrated notes

Levels and vault maps discovered:
D:1:      amcnicky_arrival_gap_in_the_tavern_cellar, layout_basic,
          lemuel_another_geyser
D:2:      layout_basic, uniq_crazy_yiuf_cottage
D:3:      layout_rooms, marbit_many_paths
D:4:      layout_basic, lemuel_doored_altar,
          chequers_temple_overflow_statue_of_worship, gup_ossuary_entry_pyramid
Ossuary:  ossuary_minmay_tomb_2a

Skill      XL: |  1  2  3  4  5 |
---------------+----------------+-----
Spellcasting   | 4 5 6 |  6.2
Conjurations   | 5 |  5.3
Hexes          | 2 3 |  3.8
Dodging        | |  2.4
Stealth        | |  2.4

Action                   |  1- 3 |  4- 6 || total
-------------------------+-------+-------++-------
Melee: Dagger            |       |     1 ||     1
 Cast: Magic Dart        |    69 |    22 ||    91
       Searing Ray       |     4 |    17 ||    21
       Fulminant Prism   |       |     3 ||     3
  Use: Scroll            |       |     9 ||     9
       Potion            |       |     3 ||     3
Armor: Robe              |     1 |     9 ||    10
       Skin              |       |     2 ||     2
Dodge: Dodged            |     4 |    27 ||    31

Table legend: (Time is in decaauts)
 A = Elapsed time spent in this place.
 B = Non-inter-level travel time spent in this place.
 C = Inter-level travel time spent in this place.
 D = Time resting spent in this place.
 E = Time spent auto-exploring this place.
 F = Levels seen in this place.
 G = Mean time per level.
                   A        B        C        D        E       F      G
               +--------+--------+--------+--------+--------+-----+--------+
         Total |   3125 |   3085 |     40 |   1221 |   1489 |   5 |  625.0 |
       Dungeon |   3109 |   3069 |     40 |   1221 |   1489 |   4 |  777.2 |
       Ossuary |     16 |     16 |      0 |      0 |      0 |   1 |   16.0 |
               +--------+--------+--------+--------+--------+-----+--------+

Top non-repeatable levels by time:
     D:2: 1299 daAuts
     D:1: 898 daAuts
     D:3: 826 daAuts
     D:4: 85 daAuts
 Ossuary: 16 daAuts
